 Dungeon Crawl Stone Soup version 0.27.1 (webtiles) character file.

Game seed: 9269288932700055356

378 ZARRMARR the Insei (level 6, -4/38 HPs)
             Began as an Octopode Transmuter on Aug 29, 2021.
             Slain by a water moccasin (5 damage)
             ... on level 7 of the Dungeon.
             The game lasted 00:22:13 (7385 turns).

ZARRMARR the Insei (Octopode Transmuter)            Turns: 7385, Time: 00:22:15

Health: -4/38      AC:  1    Str: 10    XL:     6   Next: 74%
Magic:  11/11      EV: 13    Int: 17    God:
Gold:   300        SH:  0    Dex: 12    Spells: 10/11 levels left

rFire    . . .     SeeInvis .     - Unarmed
rCold    . . .     Faith    .   (no shield)
rNeg     + . .     Spirit   .   (helmet currently unavailable)
rPois    .         Reflect  .   (no amulet)
rElec    .         Harm     .   f - ring of flight
rCorr    .         Rampage  .   j - ring of positive energy
Will     .....                  (no ring)
Stlth    ++........             (no ring)
HPRegen  0.12/turn              (no ring)
MPRegen  0.12/turn              (no ring)
                                (no ring)
                                (no ring)

@: confused, mighty, lethally poisoned (-4 -> -16), appendages, ambrosia-drunk,
flying
A: tentacle spike 3, almost no armour, amphibious, 8 rings, camouflage 1,
gelatinous body 1, (nimble swimmer 1), tentacles
a: End Transformation


You were on level 7 of the Dungeon.
One of your tentacles had grown a beastly spike.
You visited 1 branch of the dungeon, and saw 7 of its levels.

You collected 300 gold pieces.

Inventory:

Missiles
 d - 42 poisoned darts
 g - 9 boomerangs (quivered)
Jewellery
 f - a ring of flight (left tentacle)
 j - a ring of positive energy (right tentacle)
Wands
 o - a wand of digging (5)
Scrolls
 e - 7 scrolls of teleportation
 k - 3 scrolls of fear
 l - a scroll of blinking
 n - a scroll of fog {unknown}
Potions
 a - a potion of lignification
 b - a potion of heal wounds {unknown}
 h - a potion of might
 i - a potion of berserk rage {unknown}
 p - a potion of haste {unknown}


   Skills:
 + Level 1.5 Fighting
 + Level 2.6 Dodging
 + Level 3.8 Stealth
 + Level 4.5 Unarmed Combat
 + Level 3.4 Spellcasting
 + Level 3.5 Transmutations


You had 10 spell levels left.
You knew the following spells:

 Your Spells              Type           Power      Damage    Failure   Level
a - Beastly Appendage     Tmut           30%        N/A       3%          1

Your spell library contained the following spells:

 Spells                   Type           Power      Damage    Failure   Level
 Wereblood                Tmut           15%        N/A       6%          2
 Spider Form              Tmut/Pois      4%         N/A       24%         3
 Dazzling Flash           Conj/Hex       4%         N/A       45%         3
 Ice Form                 Ice/Tmut       8%         N/A       63%         4
 Agony                    Necr           2%         N/A       99%         5
 Silence                  Hex/Air        1%         N/A       99%         5


Dungeon Overview and Level Annotations

Branches:
Dungeon (8/15)
 Temple: D:4-7         Lair: D:8-11

Altars:
Xom

Shops:
D:1 (

Annotations:
D:3 1 runed translucent door, Crazy Yiuf


Innate Abilities, Weirdness & Mutations

One of your tentacles has grown a beastly spike.
You cannot wear most types of armour.
You are amphibious.
You can wear up to eight rings at the same time.
Your skin changes colour to match your surroundings (Stealth+).
Your rubbery body absorbs attacks. (AC +1, EV +1)
((You are camouflaged near water. (Stealth+)))
You have tentacles for arms and can constrict up to eight enemies at once.


Message History

The water moccasin barely misses you. The water moccasin bites you!
You tentacle-slap the water moccasin. Your grab misses the water moccasin.
Your tentacle spike misses the water moccasin.
The water moccasin is lightly wounded.
The water moccasin misses you.
You bludgeon the water moccasin! Your grab misses the water moccasin.
The water moccasin is moderately wounded.
The water moccasin bites you!
You are poisoned.
The water moccasin poisons you!
You tentacle-slap the water moccasin but do no damage.
You grab the water moccasin. You squeeze the water moccasin.
The water moccasin is heavily wounded.
You constrict the water moccasin.
You feel very sick. The water moccasin bites you.
You are lethally poisoned!
The water moccasin poisons you!
It was a potion of might.
You feel very mighty all of a sudden.
You constrict the water moccasin.
* * * LOW HITPOINT WARNING * * *
You feel very sick. The water moccasin bites you.
* * * LOW HITPOINT WARNING * * *
The water moccasin closely misses you.
It was a potion of ambrosia.
You are confused.
You feel invigorated.
You constrict the water moccasin.
* * * LOW HITPOINT WARNING * * *
You feel very sick. The water moccasin bites you.
* * * LOW HITPOINT WARNING * * *
It was a potion of flight.
You feel more buoyant.
You constrict the water moccasin.
* * * LOW HITPOINT WARNING * * *
You feel very sick. The water moccasin bites you.
You die...

#### ..# #.# #
#.#####.##...
#....@S!.....
#.#####.##...
#.......#
########.#######
................
########>.......
#.####### #.#
#.#


You could see a water moccasin.

Vanquished Creatures
  A water moccasin (D:4)
  2 orc priests (D:4)
  An iguana (D:3)
  An orc wizard (D:4)
  2 adders
  3 gnolls
  An adder skeleton (D:4)
  A worm (D:2)
  2 dart slugs (D:2)
  16 orcs
  3 ball pythons
  5 bats
  12 endoplasms
  6 giant cockroaches
  8 goblins
  5 hobgoblins
  3 jackals (D:2)
  6 kobolds
  8 quokkas
  A frilled lizard (D:1)
  7 rats
94 creatures vanquished.

Notes
Turn   | Place    | Note
-------+----------+-------------------------------------------
     0 | D:1      | ZARRMARR the Octopode Transmuter began the quest for the
                  | Orb.
     0 | D:1      | Reached XP level 1. HP: 13/13 MP: 3/3
   190 | D:1      | Reached XP level 2. HP: 16/18 MP: 3/5
  1288 | D:1      | Reached XP level 3. HP: 22/23 MP: 4/6
  1320 | D:1      | Found Miheiree's Weapon Emporium.
  1960 | D:2      | Reached skill level 1 in Stealth
  2660 | D:2      | Reached XP level 4. HP: 24/28 MP: 5/7
  3951 | D:3      | Reached skill level 4 in Unarmed Combat
  3955 | D:3      | Reached XP level 5. HP: 13/33 MP: 7/9
  4328 | D:3      | Found a runed translucent door.
  4329 | D:3      | Noticed Crazy Yiuf
  4360 | D:3      | Found a shimmering altar of Xom.
  4489 | D:3      | Found a faded altar of an unknown god.
  5698 | D:4      | Reached XP level 6. HP: 38/38 MP: 8/10
  6519 | D:4      | Noticed a water moccasin
  6527 | D:4      | Killed a water moccasin
  7335 | D:5      | Entered Level 5 of the Dungeon
  7341 | D:5      | Identified the +3 dagger of the Final Decision {vorpal, Fly
                  | Str+2 Dex-2}
  7365 | D:5      | Noticed a necrophage
  7365 | D:5      | You are sucked into a shaft and drop 3 floors!
  7374 | D:7      | Noticed a water moccasin
  7384 | D:7      | HP: 1/38 [water moccasin (4)]
  7385 | D:7      | Slain by a water moccasin

Illustrated notes

Levels and vault maps discovered:
D:1:      dpeg_arrival_erosion, layout_basic, serial_shops,
          nicolae_shop_behind_doors
D:2:      layout_basic, serial_glass, glass_columns_c, glass_columns_a,
          glass_columns_a, glass_columns_a, glass_columns_b, glass_columns_c,
          glass_columns_a, glass_columns_a, kennysheep_generic_room_16
D:3:      layout_rooms, old_standard_altar,
          hellmonk_ecumenical_altar_inner_sanctum, uniq_crazy_yiuf_cottage
D:4:      layout_basic
D:5:      layout_rooms, lemuel_tele_altar, minmay_temple_entry_trees,
          minmay_between
D:7:      layout_basic
D:8:      layout_loops_ring, kennysheep_generic_room_14

Skill      XL: |  1  2  3  4  5 |
---------------+----------------+-----
Stealth        | 2 3 |  3.8
Unarmed Combat | 4 |  4.5
Spellcasting   | 3 |  3.4
Transmutations | 3 |  3.5
Fighting       | |  1.5
Dodging        | |  2.6

Action                   |  1- 3 |  4- 6 || total
-------------------------+-------+-------++-------
Melee: Unarmed           |    86 |   106 ||   192
       Kick              |    22 |    37 ||    59
       Constrict         |    20 |    35 ||    55
       Tentacles         |    15 |    21 ||    36
       Punch             |     1 |       ||     1
Throw: Dart              |     2 |    17 ||    19
       Boomerang         |       |    37 ||    37
 Cast: Beastly Appendage |    33 |    37 ||    70
  Use: Scroll            |     1 |     4 ||     5
       Potion            |       |     3 ||     3
 Stab: Sleeping          |     6 |     6 ||    12
Armor: Skin              |     4 |     1 ||     5
Dodge: Dodged            |    39 |    60 ||    99
